 Dungeon Crawl Stone Soup version 0.23.0 (webtiles) character file.

Game seed: 9559929607911429187

81 Monsterracer the Cudgeler (level 4, 0/35 HPs)
             Began as a Formicid Skald on Feb 14, 2019.
             Slain by a worm (8 damage)
             ... on level 2 of the Dungeon.
             The game lasted 00:02:56 (1989 turns).

Monsterracer the Cudgeler (Formicid Skald)          Turns: 1989, Time: 00:02:56

Health: 0/35       AC:  8    Str: 16    XL:     4   Next: 68%
Magic:  7/7        EV:  7    Int: 13    God:
Gold:   72         SH:  0    Dex: 10    Spells: 6/7 levels left

rFire    . . .     SeeInvis +   a - +0 mace
rCold    . . .     Gourm    .   (no shield)
rNeg     . . .     Faith    .   e - +0 chain mail
rPois    .         Spirit   .   (helmet unavailable)
rElec    .         Reflect  .   (no cloak)
rCorr    .         Harm     .   (no gloves)
MR       .....                  (no boots)
Stlth    ..........             (no amulet)
HPRegen  0.11/turn              (no ring)
MPRegen  0.10/turn              (no ring)

@: no status effects
A: permanent stasis, dig shafts and tunnels, four strong arms, antennae 3
a: Dig, Shaft Self


You were on level 2 of the Dungeon.
You were hungry.

You visited 1 branch of the dungeon, and saw 3 of its levels.

You collected 72 gold pieces.

Inventory:

Hand Weapons
 a - a +0 mace (weapon)
Armour
 b - a +0 plate armour
 e - a +0 chain mail (worn)
Jewellery
 d - an uncursed ring of ice
Scrolls
 f - a scroll of teleportation {unknown}
 h - 2 scrolls of identify {unknown}
 i - a scroll of enchant armour {unknown}
 k - a scroll of amnesia {unknown}
 l - a scroll of random uselessness {unknown}
Potions
 g - 2 potions of lignification {unknown}
 j - a potion of flight {unknown}
Comestibles
 c - 6 rations


   Skills:
 + Level 3.3 Fighting
 * Level 3.9 Maces & Flails
 - Level 1.1 Armour
 - Level 1.7 Dodging
 - Level 2.1 Spellcasting
 - Level 3.0 Charms


You had 6 spell levels left.
You knew the following spells:

 Your Spells              Type           Power        Failure   Level  Hunger
a - Infusion              Chrm           #...         82%         1    ##.....

Your spell library contained the following spells:

 Spells                   Type           Power        Failure   Level  Hunger
 Song of Slaying          Chrm           #.......     91%         2    ###....
 Shroud of Golubria       Chrm/Tloc      #.........   99%         2    ###....
 Regeneration             Chrm/Necr      #.........   100%        3    ####...
 Spectral Weapon          Hex/Chrm       #.......     100%        3    ####...


Dungeon Overview and Level Annotations

Branches:
Dungeon (3/15)

Altars:
Dithmenos


Innate Abilities, Weirdness & Mutations

You cannot be hasted, slowed, berserked, paralysed or teleported.
You can dig through walls and to a lower floor.
Your four strong arms can wield two-handed weapons with a shield.
You have a pair of large antennae on your head. (SInv)


Message History

You kill the ball python!
The orc hits you but does no damage.
The frilled lizard bites you but does no damage.
You closely miss the orc.
The orc is severely wounded.
The orc hits you but does no damage.
The frilled lizard bites you but does no damage.
You barely miss the orc.
The orc is severely wounded.
The orc hits you but does no damage.
The frilled lizard bites you but does no damage.
The orc closely misses you.
You hit the orc but do no damage.
The orc is severely wounded.
The frilled lizard bites you. The orc barely misses you.
You take 2 damage, and have 26/35 hp.
You hit the orc.
You kill the orc!
The frilled lizard bites you but does no damage.
The frilled lizard hisses.
The frilled lizard barely misses you.
You miss the frilled lizard.
The frilled lizard bites you but does no damage.
You closely miss the frilled lizard.
The frilled lizard bites you but does no damage.
You sock the frilled lizard!
You kill the frilled lizard!
You see here a frilled lizard corpse.
There is a stone staircase leading down here.
You regained 4 hp, and now have 31/35 hp.
You climb downwards.
An orc comes into view. It is wielding a +0 mace.
The orc shouts!
The orc sings a few bars from the Orcish anthem.
Found a scroll labeled ICKUAM QOLEFE and a whip.
There is a stone staircase leading up here.
Unknown command.
An orc is nearby!
The orc hits you with a +0 mace.
You take 1 damage, and have 31/35 hp.
An orc is nearby!
You sock the orc!
You kill the orc!
No target in view!
Key pressed, stopping explore.
No target in view!
You regained 2 hp, and now have 33/35 hp.
Key pressed, stopping explore.
No target in view!
No target in view!
You are feeling hungry.
HP restored.
h - 2 scrolls labeled ICKUAM QOLEFE (gained 1)
You sense a monster nearby.
Health restored: 35 A worm comes into view.
A rat comes into view.
Found 4 gold pieces.
Found 13 gold pieces.
A rat is nearby!
Found 18 arrows.
A worm comes into view.
The rat misses you.
You hit the rat.
You kill the rat!
A giant cockroach comes into view.
The worm bites you.
Found a stone staircase leading down.
You see here a rat corpse.
You take 4 damage, and have 31/35 hp.
You hit the worm.
The worm is lightly wounded.
You hit the worm.
The worm is moderately wounded.
The worm bites you.
You take 3 damage, and have 28/35 hp.
You hit the worm.
The worm is heavily wounded.
The worm bites you. The worm bites you!
* * * LOW HITPOINT WARNING * * *
You take 14 damage, and have 14/35 hp.
MASSIVE DAMAGE!!
Unknown command.
The giant cockroach waves its antennae.
You closely miss the giant cockroach.
The giant cockroach bites you but does no damage. x2
You closely miss the giant cockroach.
The giant cockroach bites you but does no damage.
The giant cockroach bites you but does no damage.
The giant cockroach bites you but does no damage.
There is a stone staircase leading up here.
The giant cockroach bites you but does no damage.
The giant cockroach bites you but does no damage.
The worm bites you!
* * * LOW HITPOINT WARNING * * *
You climb upwards.
There is a stone staircase leading down here.
You take 8 damage, and have 8/35 hp.
MASSIVE DAMAGE!!
Your chain mail prevents you from hitting the worm.
You barely miss the worm. The worm bites you!
You die...

..####.#.# #.##.# #.#
.....#.#.# #.#### #.#
.........# #.# #.#
.........# #.# #.#
.........###.# #.#
.............# ###.#
........#.#### #...#
..........########.#####
..............sw@#.....#
#.......#.##..########.#
.......(..##...........#
...##.######...#############
......###..................#
.(....#....#..############.#
.................#.....###.#
.....#.....(..#.....#).....#
.....#........#..#..###....#


You could see a worm and a giant cockroach.

Vanquished Creatures
  5 adders (D:2)
  A leopard gecko (D:2)
  2 orcs
  A ball python (D:2)
  2 giant cockroaches (D:2)
  4 goblins
  2 hobgoblins
  3 kobolds
  A quokka (D:2)
  6 bats
  4 frilled lizards
  4 rats
35 creatures vanquished.

Notes
Turn   | Place    | Note
-------+----------+-------------------------------------------
     0 | D:1      | Monsterracer the Formicid Skald began the quest for the
                  | Orb.
     0 | D:1      | Reached XP level 1. HP: 16/16 MP: 3/3
    48 | D:1      | HP: 7/16 [hobgoblin (5)]
   456 | D:1      | Reached XP level 2. HP: 23/23 MP: 5/5
   813 | D:2      | Reached XP level 3. HP: 28/28 MP: 6/6
   867 | D:2      | HP: 14/28 [poisoned by an adder]
  1173 | D:2      | Reached XP level 4. HP: 32/35 MP: 7/7
  1649 | D:2      | Found a shadowy altar of Dithmenos.
  1972 | D:3      | HP: 14/35 [worm (8)]
  1986 | D:3      | HP: 8/35 [worm (8)]
  1989 | D:2      | Slain by a worm

Skill      XL: |  1  2  3 |
---------------+----------+-----
Maces & Flails | 3 |  3.9
Fighting       | 3 |  3.3
Armour         | |  1.1
Dodging        | |  1.7
Spellcasting   | |  2.1
Charms         | |  3.0

Action                   |  1- 3 |  4- 6 || total
-------------------------+-------+-------++-------
Melee: Mace              |    96 |    52 ||   148
 Cast: Infusion          |     1 |       ||     1
  Eat: Chunk             |     1 |     2 ||     3
Armor: Chain mail        |    74 |    56 ||   130
       Leather armour    |     2 |       ||     2
Dodge: Dodged            |    46 |    25 ||    71

Levels and vault maps discovered:
D:1:      tarquinn_simple_flora_water_f, layout_basic
D:2:      layout_basic, lemuel_crystal_altar, first_ration
D:3:      layout_rooms, uniq_crazy_yiuf_cottage, uniq_sigmund
